 Seeded DCSS version 0.30-a0-458-g86641cc (webtiles) character file.

Game seed: 3104730600629004498 (custom seed)

241642 lyrin the Warrior (level 19, -3/157 HPs)
             Began as a Barachi Gladiator on Dec 13, 2022.
             Was a Priest of Cheibriados.
             Slain by a vault warden
             ... wielding a +1 great mace of protection
              (63 damage)
             ... on level 1 of the Vaults.
             The game lasted 01:44:00 (35068 turns).

lyrin the Warrior (Barachi Gladiator)              Turns: 35068, Time: 01:44:00

Health: -3/157     AC: 25    Str: 24    XL:     19   Next: 81%
Magic:  28/33      EV: 12    Int: 23    God:    Cheibriados [***...]
Gold:   2595       SH: 19    Dex: 23    Spells: 31/39 levels left

rFire   + . .      SeeInvis .    T - +9 demon blade (freeze)
rCold   . . .      Faith    .    s - +4 kite shield "Jeffaub" {rN++}
rNeg    + + .      Spirit   .    V - +0 fire dragon scales
rPois   .          Reflect  .    u - +2 hat
rElec   .          Harm     .    (no cloak)
rCorr   .          Rampage  .    P - +1 pair of gloves
Will    +....                    I - +2 pair of boots {Stlth+}
Stlth   +.........               r - amulet of regeneration
HPRegen 1.26/turn                w - +4 ring of protection
MPRegen 0.23/turn                H - ring of ice

@: marked, very slow
A: amphibious, slowness 1, strong legs 2, +LOS
}: 1/15 runes: barnacled
a: Hop, Renounce Religion, Bend Time, Temporal Distortion


You were on level 1 of the Vaults.
You worshipped Cheibriados.
Cheibriados was most pleased with you.
You visited 8 branches of the dungeon, and saw 30 of its levels.
You visited the Abyss 2 times.
You also visited: Ice Cave.

You collected 2899 gold pieces.
You spent 304 gold pieces at shops.

Inventory:

Hand Weapons
 p - the +8 glaive of the Disbelieving King {protect, rElec rN+ Will+ Int+3}
   (You found it in an ice cave)

   It grants its wielder temporary protection when it strikes (+7 to AC).
   Int:       It affects your intelligence (+3).
   rElec:     It insulates you from electricity.
   rN:        It protects you from negative energy.
   Will:      It increases your willpower.
 R - a +4 scimitar of flaming
 T - a +9 demon blade of freezing (weapon)
Missiles
 d - 7 throwing nets
 t - 35 poisoned darts (quivered)
 K - 6 javelins
Armour
 q - a +1 leather armour of poison resistance
 s - the +4 kite shield "Jeffaub" (worn) {rN++}
   (You acquired it on level 4 of the Dungeon)

   rN:        It greatly protects you from negative energy.
 u - a +2 hat (worn)
 I - a +2 pair of boots of stealth (worn)
 P - a +1 pair of gloves (worn)
 V - +0 fire dragon scales (worn)
Jewellery
 a - an amulet of reflection
 e - a +6 ring of strength
 r - an amulet of regeneration (around neck)
 w - a +4 ring of protection (left hand)
 F - an amulet of faith
 H - a ring of ice (right hand)
 N - a ring of resist corrosion
 Y - a ring of see invisible
Wands
 A - a wand of paralysis (9)
 E - a wand of roots (1)
 M - a wand of light (7)
 U - a wand of flame (1)
 X - a wand of polymorph (5)
Scrolls
 b - 2 scrolls of enchant weapon
 f - 3 scrolls of immolation
 g - 8 scrolls of enchant armour
 k - a scroll of blinking
 m - 8 scrolls of teleportation
 n - 2 scrolls of poison
 v - 5 scrolls of magic mapping
 y - a scroll of brand weapon
 B - 6 scrolls of amnesia
 C - 6 scrolls of fear
 W - 2 scrolls of identify
Potions
 c - 4 potions of might
 h - 5 potions of curing
 i - 5 potions of flight
 j - 4 potions of magic
 l - 6 potions of cancellation
 o - 5 potions of mutation
 x - a potion of brilliance
 z - a potion of ambrosia
 D - a potion of berserk rage
 J - 5 potions of lignification
 L - 3 potions of invisibility
 O - 7 potions of attraction
 S - 2 potions of resistance
Miscellaneous
 G - a box of beasts
 Z - a phantom mirror (inert)


   Skills:
 - Level 15.7 Fighting
 - Level 8.6(11.4) Short Blades
 - Level 12.7(14.0) Long Blades
 - Level 2.0 Throwing
 + Level 13.8 Armour
 - Level 4.4 Dodging
 - Level 15.0 Shields
 + Level 10.7 Spellcasting
 - Level 5.0 Conjurations
 * Level 15.6 Ice Magic
 - Level 8.2 Air Magic
 * Level 12.4 Invocations
 - Level 1.5 Evocations


You had 31 spell levels left.
You knew the following spells:

 Your Spells              Type           Power      Damage    Failure   Level
a - Hailstorm             Conj/Ice       74%        3d15      1%          3
b - Freezing Cloud        Conj/Ice/Air   35%        6-21      11%         5

Your spell library contained the following spells:

 Spells                   Type           Power      Damage    Failure   Level
 Poisonous Vapours        Pois/Air       62%        N/A       6%          2
 Ice Form                 Ice/Tmut       64%        N/A       9%          4
 Cigotuvi's Dreadful Rot  Necr/Pois/Air  48%        N/A       10%         2
 Momentum Strike          Conj/Tloc      46%        3d9       11%         2
 Apportation              Tloc           24%        N/A       21%         1
 Necrotise                Necr           48%        1d6       21%         1
 Summon Small Mammal      Summ           48%        N/A       21%         1
 Stone Arrow              Conj/Erth      46%        3d9       22%         3
 Ozocubu's Refrigeration  Ice            45%        4d17      28%         7
 Blink                    Tloc           24%        N/A       30%         2
 Sublimation of Blood     Necr           12%        N/A       30%         2
 Wereblood                Tmut           12%        N/A       30%         2
 Ignite Poison            Fire/Tmut/Pois 12%        N/A       52%         3
 Lesser Beckoning         Tloc           24%        N/A       52%         3
 Portal Projectile        Hex/Tloc       24%        N/A       52%         3
 Tukima's Dance           Hex            12%        N/A       52%         3
 Sticky Flame             Conj/Fire      23%        2d4       58%         4
 Simulacrum               Ice/Necr       32%        N/A       77%         6
 Anguish                  Hex/Necr       6%         N/A       90%         4
 Animate Armour           Summ/Erth      24%        N/A       90%         4
 Leda's Liquefaction      Hex/Erth       6%         N/A       90%         4
 Manifold Assault         Tloc           12%        N/A       90%         4
 Olgreb's Toxic Radiance  Pois           12%        N/A       90%         4
 Alistair's Intoxication  Tmut/Pois      8%         N/A       99%         5
 Blade Hands              Tmut           6%         N/A       99%         5
 Lee's Rapid Deconstruct  Erth           6%         3d6*      99%         5
 Yara's Violent Unravell  Hex/Tmut       6%         3d5       99%         5
 Statue Form              Tmut/Erth      8%         N/A       100%        6
 Enfeeble                 Hex            6%         N/A       100%        7
 Storm Form               Tmut/Air       15%        N/A       100%        7
 Summon Hydra             Summ           6%         N/A       100%        7
 Ignition                 Fire           6%         3d4       100%        8
 Infestation              Necr           6%         N/A       100%        8
 Lehudib's Crystal Spear  Conj/Erth      11%        10d4      100%        8
 Polar Vortex             Ice            45%        N/A       100%        9


Dungeon Overview and Level Annotations

Branches:
Dungeon (15/15)            Temple (1/1) D:4            Lair (5/5) D:11
 Shoals (4/4) Lair:2        Snake (1/4) Lair:2        Slime (0/5) Lair:5
    Orc (2/2) D:9             Elf (0/3) Orc:2        Vaults (1/5) D:13
 Depths (1/4) D:15          IceCv (visited)

Altars:
Ashenzari
Cheibriados
Dithmenos
Elyvilon
Fedhas
Gozag
Hepliaklqana
Kikubaaqudgha
Makhleb
Nemelex Xobeh
Okawaru
Qazlal
Ru
Sif Muna
Trog
Uskayaw
Vehumet
Wu Jian
Xom
Yredelemnul
Zin
The Shining One

Shops:
D:4 [   D:10 *   D:11 *   Orc:1 *   Shoals:2 !

Portals:
Hell: Depths:1
Trove: D:11 (give +2 shadow dragon scales)

Annotations:
D:14 Roxanne
Shoals:1 5 transporters
Orc:1 Saint Roka
Depths:1 3 runed translucent doors, Feaxav's ghost, adept TrMo


Innate Abilities, Weirdness & Mutations

You are amphibious.
You cover ground slowly.
You can hop long distances.
You have an extended range of vision and can be seen from far away.


Message History

You block the vault guard's attack. The vault guard barely misses you.
The vault sentinel blows a loud note on a signal horn!
Unknown command.
You slice the vault warden!! You freeze the vault warden.
The vault warden is moderately wounded.
The vault warden closely misses you.
Unknown command.
You barely miss the vault warden.
The vault warden is moderately wounded.
The vault guard hits you from afar with a +1 glaive.
The vault guard hits you from afar with a +0 glaive!
The ironbound convoker gestures at the vault guard while chanting.
The vault guard seems to grow stronger.
The vault sentinel unwields a +0 arbalest.
The vault sentinel wields a +0 falchion.
You block the vault sentinel's attack.
The vault warden hits you with a +1 great mace of protection!!!
You slash the vault warden! You freeze the vault warden!
The vault warden is heavily wounded.
You block the vault guard's attack.
The vault guard hits you from afar with a +0 glaive.
Unknown command.
You closely miss the vault warden.
The vault warden is heavily wounded.
The runic seals fade away.
You block the vault warden's attack.
The vault sentinel gestures at you while chanting.
The mark upon you grows brighter. The vault guard misses you.
The ironbound convoker points at the vault sentinel and mumbles some strange words.
The vault sentinel seems to grow stronger.
An ironbound preserver comes into view. It is wielding a +0 great mace.
The vault guard hits you from afar with a +0 glaive!
Activating: Slouch (1% risk of failure)
Press: ? - help, Dir - look around, f - activate You can feel time thicken for a moment.
You can no longer inflict damage on those overly hasty.
Cheibriados lowers the support of your attributes as your movement quickens.
The vault sentinel points at you and mumbles some strange words.
The mark upon you grows brighter.
The vault warden hits you with a +1 great mace of protection!!!
You die...

...............#.......>
...............+.#
...............#...#
...............#...#
...............#.....
...............#######
.p.....cp......###########
.......pp).....##.........
.....p..p@.....##.........
...............##.........
###########+#####.........
#......##.........
#......##.........
#......###'#######
#......#..........
#......#..........
#......'..........


You could see an ironbound preserver, a vault warden (strong), 2 vault guards, a
centaur warrior (strong), a vault sentinel (strong) and an ironbound convoker.

Vanquished Creatures
  A dread lich (Abyss:2)
  A bone dragon (Abyss:2)
  Rupert (Lair:2)
  2 liches
  2 tentacled starspawn (Abyss:2)
  Frances (Shoals:2)
  Kirke (Lair:3)
  A tengu reaver (Vaults:1)
  2 fire giants
  A vault warden (Vaults:1)
  A balrug (Depths:1)
  An angel (Abyss:2)
  5 very ugly things
  2 ironbound preservers (Vaults:1)
  A reaper (Depths:1)
  3 stone giants (Depths:1)
  2 ironbound thunderhulks
  A vampire knight (Depths:1)
  Snorg (Lair:3)
  8 merfolk impalers
  2 ettins
  A fire dragon (Depths:1)
  4 merfolk javelineers
  4 hydras
  2 yaktaur captains (Vaults:1)
  4 rakshasas
  3 vault guards (Vaults:1)
  2 great orbs of eyes
  An entropy weaver (Vaults:1)
  An ice dragon (Depths:1)
  4 ironbound frosthearts
  Erica (Lair:2)
  7 centaur warriors
  2 alligator snapping turtles (Shoals:3)
  3 boulder beetles
  A merfolk avatar (Shoals:2)
  A spriggan air mage (D:15)
  A catoblepas (Lair:5)
  2 dancing weapons (D:13)
  2 merfolk aquamancers (Shoals:4)
  14 death yaks
  2 deep troll shamans
  3 satyrs
  A hell hog (Depths:1)
  2 two-headed ogres
  2 soul eaters (Depths:1)
  4 tengu warriors
  An orc high priest (Orc:2)
  8 hell knights
  6 sun demons (Depths:1)
  2 wretched stars (Abyss:2)
  2 thrashing horrors (Abyss:2)
  Amaemon (Lair:3)
  5 skeletal warriors (D:15)
  5 deep trolls
  An iron troll (Depths:1)
  14 sea snakes
  A glowing orange brain (Abyss:2)
  8 harpies
  5 lindwurms
  2 phantasmal warriors (Depths:1)
  3 wizards
  2 necromancers
  2 deep elf pyromancers
  4 orc knights
  A fire giant zombie (Depths:1)
  3 orc sorcerers (Orc:2)
  14 manticores
  34 fauns
  28 ugly things
  A worldbinder (Abyss:2)
  7 elephants
  8 cyclopes
  4 black mambas
  4 vault sentinels (Vaults:1)
  3 merfolk sirens
  3 water nymphs
  An apocalypse crab (Abyss:2)
  2 ice statues (IceCv)
  A smoke demon (Depths:1)
  A hellion (Depths:1)
  13 cane toads
  A torpor snail (Lair:3)
  2 gargoyles
  2 orange demons
  A spriggan zombie (Depths:1)
  3 yaktaurs (Vaults:1)
  An unseen horror (D:11)
  5 rime drakes
  A freezing wraith (D:15)
  7 komodo dragons
  2 kobold demonologists (D:14)
  2 efreet
  A tengu conjurer (D:14)
  2 ice devils (Orc:1)
  31 merfolk
  7 wind drakes
  3 trolls
  A polar bear (Lair:3)
  A meliai (shapeshifter) (Abyss:2)
  3 meliai (D:13)
  Grinder (D:6)
  22 dream sheep
  8 snapping turtles
  7 blink frogs
  10 slime creatures
  A centaur simulacrum (D:14)
  A vampire (D:11)
  A shadow (D:11)
  2 wraiths
  7 water elementals
  6 large abominations (Abyss:2)
  9 wyverns
  2 neqoxecs (Abyss:2)
  2 hogs (Lair:3)
  51 yaks
  A chaos spawn (Abyss:2)
  2 steam dragons
  2 basilisks
  3 redbacks (Vaults:1)
  4 vampire mosquitoes
  3 death yak simulacra (IceCv)
  A harpy simulacrum (Abyss:2)
  2 wargs (Orc:2)
  2 nagas (Lair:2)
  5 acid dragons
  16 water moccasins
  3 sky beasts
  4 black bears
  23 orc warriors
  12 wolves
  4 ogres
  16 centaurs
  2 phantoms
  5 kobold brigands
  12 bullfrogs
  An earth elemental (Vaults:1)
  2 necrophages
  A gnoll sergeant (D:11)
  3 scorpions
  9 wights
  An elephant simulacrum (IceCv)
  5 killer bees (D:9)
  3 small abominations (Abyss:2)
  6 electric eels
  6 howler monkeys
  3 jellies
  2 quasits (Abyss:2)
  15 orc priests
  2 gnoll boudas
  4 hounds
  An iron imp (Abyss:2)
  3 iguanas
  21 orc wizards
  4 hell rats (Lair:1)
  8 gnolls
  10 adders
  3 ufetubi
  2 worms
  2 dart slugs
  89 orcs
  10 endoplasms
  4 giant cockroaches
  7 goblins
  5 hobgoblins
  2 jackals (D:2)
  4 quokkas
  9 ball pythons
  7 bats
  4 frilled lizards
  11 kobolds
  7 rats
918 creatures vanquished.

Vanquished Creatures (collateral kills)
  An elephant simulacrum (IceCv)
1 creature vanquished.

Vanquished Creatures (others)
  A death yak (Lair:5)
  A deep troll (D:15)
  3 humans
  A bullfrog (Lair:3)
  An orc wizard (D:8)
  38 fungi
  A lurking horror (Abyss:2)
  212 plants
  5 starspawn tentacles (Abyss:2)
263 creatures vanquished.

Grand Total: 1182 creatures vanquished

Notes
Turn   | Place    | Note
-------+----------+-------------------------------------------
     0 | D:1      | lyrin the Barachi Gladiator began the quest for the Orb.
     0 | D:1      | Reached XP level 1. HP: 17/17 MP: 1/1
   105 | D:1      | Reached XP level 2. HP: 23/23 MP: 2/2
   404 | D:1      | Reached XP level 3. HP: 16/28 MP: 3/3
   754 | D:1      | Reached skill level 1 in Armour
  1028 | D:2      | Found an iron altar of Okawaru.
  1508 | D:3      | Reached XP level 4. HP: 34/34 MP: 4/4
  2001 | D:3      | Found a bloodstained altar of Trog.
  2334 | D:3      | Reached XP level 5. HP: 33/41 MP: 5/5
  2551 | D:4      | Noticed an ogre
  2612 | D:4      | Noticed a phantom
  2649 | D:4      | Found a staircase to the Ecumenical Temple.
  2649 | D:4      | Found a shadowy altar of Dithmenos.
  2678 | D:3      | Reached skill level 5 in Short Blades
  2863 | D:3      | Reached skill level 1 in Shields
  3181 | Temple   | Entered the Ecumenical Temple
  3330 | Temple   | Became a worshipper of Cheibriados the Contemplative
  3367 | D:4      | Identified a scroll of acquirement
  3368 | D:4      | Acquired the +4 kite shield "Jeffaub" {rN++}
  3479 | D:4      | Killed a phantom
  3480 | D:4      | Reached XP level 6. HP: 35/47 MP: 6/6
  3504 | D:4      | Found a sparkling altar of Nemelex Xobeh.
  3504 | D:4      | Found a radiant altar of Vehumet.
  3740 | D:4      | Found Awnuda's Antique Armour Boutique.
  3781 | D:4      | Reached skill level 1 in Invocations
  3962 | D:5      | Entered Level 5 of the Dungeon
  4008 | D:5      | Reached XP level 7. HP: 46/52 MP: 6/8
  4077 | D:5      | Reached * piety under Cheibriados
  4743 | D:5      | Reached XP level 8. HP: 60/60 MP: 9/9
  5239 | D:6      | Reached ** piety under Cheibriados
  5240 | D:6      | Reached skill level 5 in Shields
  5555 | D:6      | Found an opulent altar of Gozag.
  5596 | D:6      | Noticed Grinder
  5602 | D:6      | Killed Grinder
  5603 | D:6      | Reached XP level 9. HP: 67/67 MP: 11/11
  5914 | D:6      | Reached skill level 5 in Fighting
  6644 | D:7      | Reached *** piety under Cheibriados
  7366 | D:7      | Reached skill level 1 in Long Blades
  7703 | D:8      | Reached XP level 10. HP: 64/74 MP: 13/13
  7724 | D:8      | Reached skill level 5 in Invocations
  7742 | D:8      | Reached skill level 5 in Long Blades
  8055 | D:8      | Reached **** piety under Cheibriados
  8123 | D:8      | Found a shimmering blue altar of Sif Muna.
  8263 | D:9      | Noticed a two-headed ogre
  8277 | D:9      | Killed a two-headed ogre
  9052 | D:9      | Found an ancient bone altar of Kikubaaqudgha.
  9093 | D:9      | Reached ***** piety under Cheibriados
  9149 | D:9      | Reached XP level 11. HP: 81/81 MP: 15/15
  9278 | D:9      | Found a staircase to the Orcish Mines.
  9441 | D:10     | Entered Level 10 of the Dungeon
  9468 | D:10     | Found a stormy altar of Qazlal.
  9521 | D:10     | Found Roitoif's General Store.
  9617 | D:10     | Learned a level 3 spell: Hailstorm
  9791 | D:10     | Found a glowing silver altar of Zin.
  9950 | D:10     | Found an ornate altar of the Wu Jian Council.
 10476 | D:11     | Reached skill level 10 in Long Blades
 10540 | D:11     | Found a staircase to the Lair.
 10787 | D:11     | Reached skill level 5 in Armour
 10918 | D:11     | Found Inodi's General Store.
 11114 | D:11     | Found a portal to a secret trove of treasure.
 11183 | D:11     | Reached skill level 10 in Shields
 11486 | D:12     | Noticed a white ugly thing
 11494 | D:12     | Killed a white ugly thing
 11809 | D:12     | Reached ****** piety under Cheibriados
 12031 | D:12     | Noticed a cyan ugly thing
 12042 | D:12     | Killed a cyan ugly thing
 12371 | D:13     | Noticed a green ugly thing
 12373 | D:13     | Noticed a centaur warrior
 12378 | D:13     | Reached XP level 12. HP: 77/91 MP: 17/17
 12379 | D:13     | Noticed a centaur warrior
 12498 | D:13     | Killed a centaur warrior
 12498 | D:13     | Killed a centaur warrior
 12915 | D:13     | Found a gate to the Vaults.
 13167 | D:14     | Noticed a tengu warrior
 13169 | D:14     | Noticed a tengu warrior
 13174 | D:14     | Killed a tengu warrior
 13176 | D:14     | Killed a tengu warrior
 13374 | D:14     | Identified Roxanne's Compilation of Permutations
 13374 | D:14     | Noticed Roxanne
 13445 | D:14     | Noticed a centaur warrior
 13476 | D:14     | Killed a centaur warrior
 13681 | D:14     | Gained mutation: You can hop long distances. [Barachi
                  | growth]
 13681 | D:14     | Reached XP level 13. HP: 49/99 MP: 19/19
 14035 | D:14     | Found a blossoming altar of Fedhas.
 14529 | Orc:1    | Entered Level 1 of the Orcish Mines
 14715 | Orc:2    | Entered Level 2 of the Orcish Mines
 14775 | Orc:1    | Found Ucriucy's Mass Market.
 14858 | Orc:1    | Found a frozen archway.
 14877 | IceCv    | Entered an ice cave
 14891 | IceCv    | Found a transporter.
 14957 | IceCv    | Found a transporter.
 15068 | IceCv    | Got Sif Muna's Arcane Secrets of Wizarding
 15072 | IceCv    | Got the Grimoire of Poison and the Snowflakes
 15073 | IceCv    | Identified the +8 glaive of the Disbelieving King {protect,
                  | rElec rN+ Will+ Int+3}
 15287 | Orc:2    | Reached skill level 1 in Evocations
 15381 | Orc:2    | Found a staircase to the Elven Halls.
 15521 | Orc:2    | Noticed Saint Roka
 15749 | Orc:2    | Reached skill level 10 in Fighting
 16330 | Lair:1   | Entered Level 1 of the Lair of Beasts
 16472 | Lair:1   | Reached skill level 10 in Invocations
 16539 | Lair:1   | Learned a level 5 spell: Freezing Cloud
 16613 | Lair:1   | Reached skill level 1 in Ice Magic
 16730 | Lair:1   | Identified the +9 hand axe of Idutyes {antimagic, rF+ rC+}
 17103 | Lair:2   | Noticed Erica
 17110 | Lair:2   | Killed Erica
 17111 | Lair:2   | Reached XP level 14. HP: 104/111 MP: 21/21
 17139 | Lair:2   | Reached skill level 1 in Conjurations
 17164 | Lair:2   | Found a staircase to the Snake Pit.
 17217 | Lair:2   | Found a staircase to the Shoals.
 17948 | Lair:3   | Noticed Rupert
 18021 | Lair:3   | Noticed Kirke
 18148 | Lair:3   | Noticed a sphinx
 18179 | Lair:3   | Noticed a sphinx
 18180 | Lair:3   | Killed Kirke
 18183 | Lair:3   | Noticed Snorg
 18306 | Lair:3   | Noticed Amaemon
 18320 | Lair:3   | Killed Amaemon
 18504 | Lair:3   | Killed Snorg
 18695 | Lair:2   | Found a staircase to the Snake Pit.
 18726 | Lair:2   | Killed Rupert
 18743 | Snake:1  | Entered Level 1 of the Snake Pit
 18993 | Lair:3   | Reached skill level 5 in Ice Magic
 19005 | Lair:3   | Reached skill level 15 in Shields
 19993 | Lair:5   | Entered Level 5 of the Lair of Beasts
 19993 | Lair:5   | Found a staircase to the Slime Pits.
 20007 | Lair:5   | Reached skill level 5 in Conjurations
 20007 | Lair:5   | Reached XP level 15. HP: 103/122 MP: 22/22
 20107 | Lair:5   | Reached skill level 1 in Spellcasting
 20942 | Lair:5   | Reached skill level 10 in Armour
 21496 | Shoals:1 | Entered Level 1 of the Shoals
 21884 | Shoals:1 | Found a transporter.
 21889 | Shoals:1 | Found a transporter.
 21894 | Shoals:1 | Found a transporter.
 21896 | Shoals:1 | Found a transporter.
 21897 | Shoals:1 | Noticed Frances
 21898 | Shoals:1 | Found a transporter.
 21901 | Shoals:1 | Found a transporter.
 21904 | Shoals:2 | Found Jisyth's Distillery.
 21908 | Shoals:2 | Killed Frances
 22467 | Shoals:1 | Reached skill level 15 in Fighting
 22589 | Shoals:1 | Reached skill level 5 in Spellcasting
 22787 | Shoals:2 | Reached XP level 16. HP: 136/136 MP: 22/24
 23254 | Shoals:2 | Identified the +1 leather armour of Impermeability {-Tele
                  | Harm rN++ Str+2}
 23460 | Shoals:2 | Reached skill level 10 in Ice Magic
 23649 | Shoals:2 | Bought a potion of curing for 48 gold pieces
 23649 | Shoals:2 | Bought 2 potions of invisibility for 256 gold pieces
 24466 | Shoals:4 | Entered Level 4 of the Shoals
 25232 | Shoals:3 | Noticed a kraken
 25440 | Abyss:2  | Cast into level 2 of the Abyss (merfolk impaler)
 25583 | Abyss:2  | Noticed a lich
 25597 | Abyss:2  | Killed a lich
 25612 | Shoals:4 | Escaped the Abyss
 27458 | Shoals:4 | Reached XP level 17. HP: 142/142 MP: 30/30
 27538 | Shoals:4 | Reached skill level 10 in Spellcasting
 28868 | Shoals:4 | Got a barnacled rune of Zot
 29073 | Shoals:4 | Reached skill level 1 in Air Magic
 29467 | D:15     | Entered Level 15 of the Dungeon
 30424 | D:15     | Found a staircase to the Depths.
 30810 | Depths:1 | Entered Level 1 of the Depths
 31171 | Depths:1 | Noticed a lich
 31182 | Depths:1 | Killed a lich
 31845 | Depths:1 | Identified the +2 chain mail "Qaggyvoh" {rC+}
 32166 | Depths:1 | Found a runed translucent gate.
 32166 | Depths:1 | Found a runed translucent gate.
 32166 | Depths:1 | Found a runed translucent gate.
 32166 | Depths:1 | Noticed Feaxav's ghost (adept TrMo)
 32168 | Depths:1 | Found a basalt altar of Yredelemnul.
 32490 | Depths:1 | Reached XP level 18. HP: 151/151 MP: 32/32
 32561 | Depths:1 | Reached skill level 5 in Air Magic
 33078 | Depths:1 | Found a gateway to Hell.
 33487 | Vaults:1 | Entered Level 1 of the Vaults
 33492 | Vaults:1 | Reached skill level 15 in Ice Magic
 33928 | Vaults:1 | HP: 4/151 [lindwurm/blast of flame (16)]
 34102 | Vaults:1 | Reached XP level 19. HP: 157/157 MP: 33/33
 34142 | Abyss:2  | Cast into level 2 of the Abyss (a wizard)
 34323 | Abyss:2  | Noticed a bone dragon
 34336 | Abyss:2  | Killed a bone dragon
 34544 | Abyss:2  | Noticed a dread lich
 34552 | Abyss:2  | Paralysed by a dread lich for 3 turns
 34557 | Abyss:2  | Paralysed by a dread lich for 3 turns
 34560 | Abyss:2  | Killed a dread lich
 34570 | Vaults:1 | Escaped the Abyss
 35068 | Vaults:1 | Slain by a vault warden

Illustrated notes

Levels and vault maps discovered:
D:1:      wander_arrival_chamber, layout_basic
D:2:      layout_rooms, basic_altar
D:3:      wad_crossroads, layout_basic, amcnicky_altar_gilded,
          kennysheep_generic_room_5
D:4:      layout_basic, grunt_dithmenos_smoke,
          gammafunk_temple_overflow_elements, minmay_temple_entry_proselytizer,
          serial_shops, shop, minmay_misc_feat_chi, grunt_decor_one_mirror
D:5:      layout_loops_corners, portal_sewer_entry_e, kennysheep_nondescript,
          kennysheep_generic_room_8
D:6:      layout_loops_ring, grunt_gozag_breadcrumbs, st_stairs_10,
          hangedman_decor_slide_cut, uniq_grinder
D:7:      layout_cave_pools
D:8:      layout_rooms, mainiacjoe_overflow_alcove_2, minmay_bent
D:9:      layout_gridville, tgw_kikubaaqudgha, david_orc_5
D:10:     layout_stronghold, zin_scriptorium, pdpol_wu_jian_five_deadly_venoms,
          grunt_qazlal_clouds, serial_shops, shop, nicolae_figureground_sparkle
D:11:     layout_basic, minmay_lair_entry_grove, nicolae_trove_entry_diagonal,
          serial_shops, shop_statue
D:12:     layout_basic
D:13:     layout_cave_pools, erik_vaults_1
D:14:     layout_loops_ring, chequers_serial_rivers_micro_a,
          fedhas_altar_fruit_tree, uniq_roxanne
D:15:     hangedman_depths_entry_civil_slaughter, layout_long_grid,
          chequers_avenue, amcnicky_mini_rare_corridor_liquid,
          minmay_three_doors
Temple:   hellmonk_temple_flake
Lair:1:   layout_chaotic_city, chequers_serial_rivers_micro_e,
          grunt_megastairs_5
Lair:2:   layout_regular_city, minmay_shoals_entry_lonely_mermaid,
          guppyfry_snake_entry_island, grunt_megastairs_2, serial_bayou_shore_a,
          lemuel_fruit_tree, uniq_erica
Lair:3:   layout_small_grid, infiniplex_staircase_pool, uniq_snorg, uniq_kirke,
          uniq_rupert, uniq_amaemon
Lair:4:   layout_loops_ring, dreamdust_gnoll_shepherd, grunt_megastairs_1
Lair:5:   grunt_lair_end_beastmaster, layout_regular_city, slime_entry_1
Shoals:1: layout_shoals, serial_nicolae_subway, nicolae_sub_station_crystal,
          nicolae_sub_station_stone, nicolae_sub_station_metal, uniq_frances
Shoals:2: layout_shoals, serial_shops, nicolae_shop_stone
Shoals:3: layout_shoals
Shoals:4: shoals_end_grunt_garden, layout_shoals, nicolae_shoals_seven_spires
Snake:1:  layout_grid_maze
Orc:1:    layout_caves, portal_ice_cave_demonic_guard, minmay_shop_mass
Orc:2:    grunt_orc_cross, layout_diamond_mine, lightli_volcano_entry_magma_tube
Vaults:1: ontoclasm_vaults_misaligned, v_misc_2, st_cross,
          ontoclasm_vaults_shuriken, v_misc_12, hangedman_vaults_slice,
          vaults_mumra_chevron_long, vaults_mumra_minichess,
          ontoclasm_vaults_chip, vaults_mumra_minichess_inversion,
          layout_vaults_omnibox
Depths:1: layout_gridville, hellmouth_2, kennysheep_minor_cross,
          nicolae_yredelemnul_ghost_church

Skill      XL: |  1  2  3  4  5  6  7  8  9 10 11 12 13 14 15 16 17 18 19 |
---------------+----------------------------------------------------------+-----
Armour         | 1 2 3 4 5 6 7 9 10 12 13 | 13.8
Short Blades   | 4 5 6 7 8 |  8.6
Dodging        | 4 |  4.4
Fighting       | 3 4 5 6 7 8 10 12 15 | 15.7
Shields        | 1 2 3 5 8 10 11 13 15 | 15.0
Invocations    | 1 2 3 4 5 7 9 10 11 12 | 12.4
Long Blades    | 3 9 11 12 | 12.7
Evocations     | 1 |  1.5
Ice Magic      | 2 6 9 13 14 15 | 15.6
Conjurations   | 5 |  5.0
Spellcasting   | 5 9 10 | 10.7
Air Magic      | 4 8 |  8.2
Throwing       | |  2.0

Action                   |  1- 3 |  4- 6 |  7- 9 | 10-12 | 13-15 | 16-18 | 19-21 || total
-------------------------+-------+-------+-------+-------+-------+-------+-------++-------
Melee: Rapier            |   116 |   285 |   473 |       |       |       |       ||   874
       Punch             |     3 |       |       |       |       |       |       ||     3
       Long sword        |       |       |    65 |   381 |       |       |       ||   446
       Scimitar          |       |       |       |   296 |  1195 |   983 |       ||  2474
       Unarmed           |       |       |       |       |    11 |       |       ||    11
       Demon blade       |       |       |       |       |       |   284 |   262 ||   546
Throw: Throwing net      |     2 |     1 |       |       |       |       |       ||     3
       Javelin           |     1 |       |       |       |       |       |       ||     1
       Dart              |       |     2 |     3 |    15 |    16 |       |       ||    36
 Cast: Freezing Cloud    |       |       |       |       |       |    18 |       ||    18
Invok: Slouch            |       |       |       |    10 |    10 |    22 |     4 ||    46
       Temporal Distorti |       |       |       |       |     1 |       |       ||     1
 Abil: Hop               |       |     3 |     2 |     7 |    10 |    16 |     2 ||    40
Evoke: Wand              |       |       |     2 |     5 |    17 |    25 |       ||    49
       Box of beasts     |       |       |       |       |     2 |     1 |       ||     3
       Phantom mirror    |       |       |       |       |       |       |     1 ||     1
  Use: Scroll            |       |     7 |     1 |     6 |    14 |    20 |     1 ||    49
       Potion            |       |     4 |     1 |       |    11 |     8 |     2 ||    26
 Stab: Sleeping          |     1 |     1 |       |     7 |     4 |     1 |       ||    14
       Paralysed         |       |       |     4 |     9 |       |     4 |       ||    17
       Distracted        |       |       |       |     1 |     3 |     1 |       ||     5
       Petrified         |       |       |       |       |    10 |       |       ||    10
       Petrifying        |       |       |       |       |     5 |       |       ||     5
Armor: Leather armour    |     8 |    41 |   170 |   188 |    73 |       |       ||   480
       Ring mail         |    30 |    21 |       |       |       |       |       ||    51
       Skin              |       |       |       |       |     1 |       |       ||     1
       Fire dragon scale |       |       |       |       |   261 |   434 |   122 ||   817
Dodge: Dodged            |    52 |   103 |   215 |   280 |   371 |   423 |    82 ||  1526
Block: Kite shield       |     6 |   116 |   455 |   679 |  1184 |  1291 |   247 ||  3978
       Reflection        |       |       |       |       |       |    31 |       ||    31

Table legend: (Time is in decaauts)
 A = Elapsed time spent in this place.
 B = Non-inter-level travel time spent in this place.
 C = Inter-level travel time spent in this place.
 D = Time resting spent in this place.
 E = Time spent auto-exploring this place.
 F = Levels seen in this place.
 G = Mean time per level.
                   A        B        C        D        E       F      G
               +--------+--------+--------+--------+--------+-----+--------+
         Total |  54788 |  51197 |   3591 |   7868 |  27215 |  33 | 1660.2 |
       Dungeon |  25476 |  23560 |   1916 |   2654 |  14499 |  15 | 1698.4 |
        Temple |    196 |    196 |      0 |      0 |    142 |   1 |  196.0 |
          Lair |   9716 |   8866 |    850 |     42 |   6700 |   5 | 1943.2 |
        Shoals |  10701 |  10186 |    515 |   3478 |   3396 |   4 | 2675.2 |
     Snake Pit |     22 |     22 |      0 |      0 |      0 |   1 |   22.0 |
  Orcish Mines |   2383 |   2244 |    139 |    245 |    800 |   2 | 1191.5 |
        Vaults |   1436 |   1436 |      0 |    413 |    433 |   1 | 1436.0 |
        Depths |   3555 |   3387 |    168 |    859 |   1242 |   1 | 3555.0 |
         Abyss |    975 |    975 |      0 |      0 |      0 |   2 |  487.5 |
      Ice Cave |    324 |    324 |      0 |    176 |      0 |   1 |  324.0 |
               +--------+--------+--------+--------+--------+-----+--------+

Top non-repeatable levels by time:
Shoals:3: 3579 daAuts
Depths:1: 3555 daAuts
Shoals:4: 2680 daAuts
    D:14: 2473 daAuts
Shoals:2: 2343 daAuts
    D:12: 2260 daAuts
  Lair:2: 2246 daAuts
    D:10: 2218 daAuts
  Lair:5: 2201 daAuts
  Lair:3: 2200 daAuts
Shoals:1: 2097 daAuts
    D:11: 2088 daAuts
     D:6: 1943 daAuts
    D:15: 1906 daAuts
     D:9: 1845 daAuts
